 Dungeon Crawl Stone Soup version 0.30-a0-141-g30f27751c5 (webtiles) character file.

Game seed: 7762856547710011963

77 qw the Chopper (level 4, 0/28 HPs)
             Began as a Gargoyle Fighter on Sept 25, 2022.
             Slain by a gnoll
             ... wielding a +2 vorpal halberd
              (2 damage)
             ... on level 2 of the Dungeon.
             The game lasted 00:00:31 (1835 turns).

qw the Chopper (Gargoyle Fighter)                   Turns: 1835, Time: 00:00:32

Health: 0/28       AC: 12    Str: 22    XL:     4   Next: 34%
Magic:  4/4        EV:  7    Int:  8    God:
Gold:   61         SH:  4    Dex:  9    Spells: 3/3 levels left

rFire   . . .      SeeInvis .    Y - +1 war axe
rCold   . . .      Faith    .    c - +0 buckler
rNeg    + . .      Spirit   .    j - +0 chain mail
rPois   inf        Reflect  .    (no helmet)
rElec   +          Harm     .    (no cloak)
rCorr   .          Rampage  .    (no gloves)
Will    .....                    (no boots)
Stlth   ..........               (no amulet)
HPRegen 0.09/turn                (no ring)
MPRegen 0.09/turn                (no ring)

@: no status effects
A: sickness immunity, AC +3, negative energy resistance 1, electricity
resistance, torment resistance 1, petrification resistance
a: no special abilities


You were on level 2 of the Dungeon.
You visited 1 branch of the dungeon, and saw 2 of its levels.

You collected 61 gold pieces.


Innate Abilities, Weirdness & Mutations

You are immune to sickness and miasma.
Your stone body is resilient. (AC +3)
You are immune to poison.
You resist negative energy. (rN+)
You are resistant to electric shocks. (rElec)
You are resistant to unholy torment.
You are immune to petrification.


   Skills:
 - Level 3.2 Fighting
 + Level 4.1 Axes
 - Level 3.2 Armour
 - Level 3.2 Shields


You had 3 spell levels left.
You didn't know any spells.
Your spell library was empty.

Inventory:

Hand Weapons
 b - a +0 mace
 Y - a +1 war axe (weapon)
Armour
 c - a +0 buckler (worn)
 f - an orb of wrath
 j - a +0 chain mail (worn)
Jewellery
 k - a ring of ice
Scrolls
 h - 3 scrolls of identify
 i - 2 scrolls of teleportation
Potions
 a - a potion of brilliance {unknown}
 d - 3 potions of might
 e - a potion of curing
 g - a potion of lignification {unknown}
 n - a potion of heal wounds {unknown}

Dungeon Overview and Level Annotations

Branches:
Dungeon (2/15)

Altars:

Shops:
D:2 (


Message History

A gnoll comes into view. It is wielding a +0 halberd.
1591 ||| Stepping ~*~*~tactically~*~*~ (stealth).
The gnoll hits you but does no damage.
You slash the gnoll!
The gnoll is severely wounded.
You slash the gnoll!
You kill the gnoll!
The gnoll barely misses you.
You have reached level 4!
You feel stronger.
You hit the gnoll.
You kill the gnoll!
The gnoll hits you from afar with a +0 halberd.
The gnoll barely misses you.
Items here: % ( )).
You barely miss the gnoll. The gnoll hits you with a +0 halberd.
You hit the gnoll.
The gnoll is lightly wounded.
The gnoll hits you with a +0 halberd! The gnoll barely misses you.
You hit the gnoll.
The gnoll is moderately wounded.
The gnoll hits you with a +0 halberd.
You hit the gnoll.
The gnoll is almost dead.
The gnoll hits you with a +0 halberd.
1601 ||| READING 3 scrolls of teleportation.
As you read the scroll of teleportation, it crumbles to dust.
You feel strangely unstable. The gnoll hits you with a +0 halberd.
You hit the gnoll.
You kill the gnoll!
Your Axes skill increases to level 4!
You start resting.
Your surroundings suddenly seem different.
You start resting.
A gnoll comes into view. It is wielding a +2 vorpal halberd.
The gnoll shouts!
The gnoll hits you from afar with a +2 vorpal halberd!
The gnoll hits you with a +2 vorpal halberd!
You die...

.#.## #.# ###.####.## #
##......# ###..###..#
.#.#%###..# #####
......<...####...##
.............)....##
..##.###..##...g...#########
####.##.........@..........#
#.##...##.......#######.#
..##...###.\...#### #.#
#...# ##.......#####.##
#...# #...............#
#...###..##.##.#####..#
#...........##.# #..#
#..####..#####.#####..#
#######..# #..# #..#......#


You could see a gnoll.

Vanquished Creatures
  3 gnolls (D:2)
  2 adders (D:2)
  A worm (D:2)
  5 ball pythons (D:1)
  2 endoplasms (D:1)
  2 giant cockroaches (D:2)
  2 goblins
  5 hobgoblins
  A kobold (D:1)
  3 bats
  2 rats (D:2)
28 creatures vanquished.

Vanquished Creatures (others)
  A plant (D:1)
1 creature vanquished.

Grand Total: 29 creatures vanquished

Notes
Turn   | Place    | Note
-------+----------+-------------------------------------------
     0 | D:1      | qw the Gargoyle Fighter began the quest for the Orb.
     0 | D:1      | Reached XP level 1. HP: 14/14 MP: 1/1
     0 | D:1      | 0 ||| qw: Version: 0.2-a-10-g399e6c4
     0 | D:1      | 0 ||| qw: Game counter: 370
     0 | D:1      | 0 ||| qw: Always use a shield: true
     0 | D:1      | 0 ||| qw: God list: Okawaru
     0 | D:1      | 0 ||| qw: Allow faded altars: false
     0 | D:1      | 0 ||| qw: Do Orc after D:15 true
     0 | D:1      | 0 ||| qw: Do second Lair branch before Depths: true
     0 | D:1      | 0 ||| qw: Lair rune preference: random
     0 | D:1      | 0 ||| qw: Plans: Normal, Zot:1-4, God:TSO, Crypt, Tomb,
                  | Pan, Slime:5, Hells, Abyss, Orb
     0 | D:1      | 0 ||| PLANNING D:1-11
    59 | D:1      | Reached skill level 2 in Axes
    59 | D:1      | 59 ||| Stepping ~*~*~tactically~*~*~ (stealth).
   103 | D:1      | 103 ||| Stepping ~*~*~tactically~*~*~ (stealth).
   154 | D:1      | Reached XP level 2. HP: 19/19 MP: 2/2
  1007 | D:1      | 1007 ||| UPGRADING to +0 chain mail.
  1017 | D:1      | 1017 ||| DROPPING +0 scale mail.
  1018 | D:1      | 1018 ||| READING scroll labelled ECKIGE COAXAU.
  1019 | D:1      | 1019 ||| READING 3 scrolls labelled MIERUR NAJALEI.
  1020 | D:1      | 1020 ||| READING scroll labelled CUARPH SAMO.
  1023 | D:1      | 1023 ||| READING scroll labelled LASTUA ANOSAS.
  1024 | D:1      | 1024 ||| DRINKING 2 viscous black potions.
  1128 | D:1      | 1128 ||| READING 2 scrolls of identify.
  1128 | D:1      | 1128 ||| IDENTIFYING inky potion
  1129 | D:1      | 1129 ||| DROPPING potion of berserk rage.
  1188 | D:2      | Found Qifoall's Antique Weapon Shop.
  1194 | D:2      | 1194 ||| SHOPLISTING mace (60 gold, have 34).
  1194 | D:2      | 1194 ||| SHOPLISTING scorched mace (160 gold, have 34).
  1194 | D:2      | 1194 ||| SHOPLISTING whip (50 gold, have 34).
  1217 | D:2      | 1217 ||| DROPPING +0 club.
  1245 | D:2      | Reached skill level 3 in Axes
  1260 | D:2      | Reached XP level 3. HP: 23/23 MP: 3/3
  1262 | D:2      | 1262 ||| Stepping ~*~*~tactically~*~*~ (stealth).
  1263 | D:2      | 1263 ||| Stepping ~*~*~tactically~*~*~ (stealth).
  1264 | D:2      | 1264 ||| Stepping ~*~*~tactically~*~*~ (stealth).
  1591 | D:2      | 1591 ||| Stepping ~*~*~tactically~*~*~ (stealth).
  1595 | D:2      | Reached XP level 4. HP: 28/28 MP: 4/4
  1600 | D:2      | HP: 4/28 [gnoll/+0 halberd (4)]
  1601 | D:2      | 1601 ||| READING 3 scrolls of teleportation.
  1603 | D:2      | Reached skill level 4 in Axes
  1835 | D:2      | HP: 2/28 [gnoll/+2 vorpal halberd (11)]
  1835 | D:2      | Slain by a gnoll

Levels and vault maps discovered:
D:1:      grunt_arrival_lava_bath, layout_basic, wad_woods_river_04
D:2:      layout_loops_ring, serial_shops, shop, uniq_sigmund

Skill      XL: |  1  2  3  4 |
---------------+-------------+-----
Axes           | 2 3 4 |  4.1
Fighting       | |  3.2
Armour         | |  3.2
Shields        | |  3.2

Action                   |  1- 3 |  4- 6 || total
-------------------------+-------+-------++-------
Melee: War axe           |    80 |     6 ||    86
  Use: Scroll            |     5 |     1 ||     6
       Potion            |     1 |       ||     1
Armor: Scale mail        |    18 |       ||    18
       Chain mail        |    28 |       ||    28
Dodge: Dodged            |    32 |     2 ||    34
Block: Buckler           |    14 |       ||    14

Table legend:
 A = Non-vault XP
 B = Vault XP
 C = Vault XP percentage of total XP
 D = Non-vault monster count
 E = Vault monster count
 F = Vault count percentage of total count
                 A         B        C        D         E       F
            +---------+---------+-------+---------+---------+-------
      Total |     111 |       0 |   0.0 |      28 |       0 |   0.0
            +---------+---------+-------+---------+---------+-------
        D:1 |      24 |       0 |   0.0 |      14 |       0 |   0.0
        D:2 |      87 |       0 |   0.0 |      14 |       0 |   0.0
            +---------+---------+-------+---------+---------+-------
